[Event "*** SCC Grand Prix: Titled Tuesday Blitz"]
[Site "Chess.com"]
[Date "2020.06.23"]
[Round "10"]
[White "WPWPWP-2015"]
[Black "Azatic"]
[Result "1-0"]
[WhiteElo "2373"]
[BlackElo "2523"]
[TimeControl "180+1"]
[EndTime "11:56:44 PDT"]
[Termination "WPWPWP-2015 won by resignation"]

1. e4 c5 2. Nf3 e6 3. d4 cxd4 4. Nxd4 a6 5. Bd3 Nf6 6. O-O d6 7. c4 g6 8. Nc3 Bg7 9. Be3 O-O 10.
f4 Qc7 11. Rc1 h5 12. h3 Nbd7 13. Kh1 b6 14. b4 Bb7 15. a4 Rac8 16. Qe2 Qb8 17.
Nf3 Rfe8 18. Qf2 Qa8 19. Ng5 a5 20. Nb5 axb4 21. Nxd6 Nc5 22. Bxc5 bxc5 23. Ngxf7 Nxe4 24. Bxe4 Bxe4 25. Nxe8 Bd4 26. Qg3 Rxe8 27. Nd6 Rf8 28. f5 Kg7 29. Qxg6+ Kh8 30. Qxh5+ Kg8 31. Qg6+ Kh8 32.
Qh6+ Kg8 33. Qxe6+ Kh8 34. Qxe4 1-0

[Event "*** SCC Grand Prix: Titled Tuesday Blitz"]
[Site "Chess.com"]
[Date "2020.06.23"]
[Round "10"]
[White "GelmanAlexander"]
[Black "GuerrieroFromLevant"]
[Result "1-0"]
[WhiteElo "2556"]
[BlackElo "2432"]
[TimeControl "180+1"]
[EndTime "11:56:45 PDT"]
[Termination "GelmanAlexander won by resignation"]

1. c4 e6 2. Nf3 d5 3. d3 Nf6 4.
Nbd2 Nc6 5. a3 Bc5 6. b4 Bxf2+ 7. Kxf2 Ng4+ 8. Kg1 Qf6 9. Rb1 Ne3 10. Qe1 O-O 11. Qf2 Nd1 12. Qh4 Qxh4 13. Nxh4 Nd4 14. Nb3 Nc2 15. g3 Rd8 16. cxd5 exd5 17. Ng2 d4 18. Bd2 Nde3 19. Nxe3 dxe3 20. Bc1 Be6 21. Bg2 Bd5 22. Bxd5 Rxd5 23. Kg2 b6 24. Rb2 Nxa3 25.
Bxe3 Re8 26. Bf2 Nb5 27. Rc1 f5 28. Kf1 Kf7 29. Nd2 Rde5 30. Nf3 R5e7 31. Rbc2 Rd8 32. h4 h6 33. Rc4 Rd5 34. Nd4 Nxd4 35. Rxd4 Rde5 36.
Rc2 a5 37. bxa5 Rxa5 38. Rdc4 Ra1+ 39. Kg2 c5 40. d4 cxd4 41. Bxd4 b5 42. Rc7 Re1 43.
Rxe7+ Kxe7 44. Bxg7 b4 45. Kf2 Rh1 46. Bxh6 1-0

[Event "*** SCC Grand Prix: Titled Tuesday Blitz"]
[Site "Chess.com"]
[Date "2020.06.23"]
[Round "10"]
[White "shineatchess"]
[Black "Kumi29"]
[Result "1-0"]
[WhiteElo "2158"]
[BlackElo "2366"]
[TimeControl "180+1"]
[EndTime "11:56:45 PDT"]
[Termination "shineatchess won by checkmate"]

1. d4 e6 2. c4 b6 3. Nc3 Bb7 4. d5 exd5 5. cxd5 Nf6 6. e4 Bb4 7. Bd3 Na6 8. Ne2 Nc5 9. O-O Bxc3 10. Nxc3 d6 11. Bb5+ Nfd7 12. b4 Na6 13. Qa4 Nb8 14.
Bb2 O-O 15. f4 a6 16. Bd3 b5 17. Qd1 c5 18. bxc5 Nxc5 19. Bc2 Nbd7 20. Qd4 Qb6 21. Nxb5 f6 22. Na3 Rae8 23. Nc4 Qc7 24. Rac1 Nb6 25.
Bb1 Nxc4 26. Rxc4 Qf7 27. Rf3 Qh5 28. e5 fxe5 29. fxe5 Rxf3 30. gxf3 Qxf3 31. e6 Re7 32. Bxh7+ Kxh7 33. Qh4+ Kg8 34. Qxe7 Qd1+ 35. Kf2 Qd2+ 36. Kg3 Qxb2 37. Qf7+ Kh7 38. Rh4# 1-0

[Event "*** SCC Grand Prix: Titled Tuesday Blitz"]
[Site "Chess.com"]
[Date "2020.06.23"]
[Round "10"]
[White "Unknown_IM"]
[Black "HanSchut"]
[Result "0-1"]
[WhiteElo "2351"]
[BlackElo "2222"]
[TimeControl "180+1"]
[EndTime "11:56:49 PDT"]
[Termination "HanSchut won by resignation"]

1. d4 Nf6 2. c4 g6 3. Nc3 d5 4. Bf4 Bg7 5. Nf3 O-O 6. c5 Ne4 7. Qc2 Bf5 8. Qb3 Nxc3 9. Qxc3 b6 10. b4 a5 11. a3 axb4 12. axb4 Rxa1+ 13. Qxa1 Nc6 14. Qc3 bxc5 15. Qxc5 Qa8 16. Bc1 Rb8 17. b5 Qa5+ 18.
Bd2 Qxb5 19. Qxb5 Rxb5 20. e3 Rb1+ 21. Ke2 e5 22. dxe5 Nxe5 23. Nxe5 Bxe5 24. f4 Bd6 25. g3 Be4 26. Rg1 c5 27. Kf2 Rb2 28. Ke1 c4 29. Bc3 Bb4 30. Bxb4 Rxb4 31. Kd2 Rb3 32. Be2 c3+ 33. Ke1 Rb1+ 34. Kf2 Rxg1 35. Kxg1 c2 0-1

[Event "*** SCC Grand Prix: Titled Tuesday Blitz"]
[Site "Chess.com"]
[Date "2020.06.23"]
[Round "10"]
[White "Zurability"]
[Black "enzovsky"]
[Result "0-1"]
[WhiteElo "2663"]
[BlackElo "2395"]
[TimeControl "180+1"]
[EndTime "11:56:52 PDT"]
[Termination "enzovsky won on time"]

1. Nf3 c5 2. c4 Nf6 3. Nc3 d5 4. cxd5 Nxd5 5. e4 Nb4 6. Bc4 Nd3+ 7. Ke2 Nf4+ 8. Kf1 Nd3 9. Ke2 Nf4+ 10. Kf1 Nd3 11.
Nd5 e6 12. Ne3 Nc6 13. h4 Be7 14. Rh3 a6 15. a4 O-O 16. h5 Bf6 17. Ng4 Ncb4 18.
Qb3 Be7 19. h6 g6 20. Ne1 Nf4 21. Rf3 Nh5 22. Qc3 Bd7 23. b3 b5 24. Be2 f6 25. d3 e5 26. Ne3 Be6 27. Bb2 Nc6 28.
g4 Nf4 29. N1g2 Nxe2 0-1

[Event "*** SCC Grand Prix: Titled Tuesday Blitz"]
[Site "Chess.com"]
[Date "2020.06.23"]
[Round "10"]
[White "Khvicha_Supatashvili"]
[Black "rasmussvane"]
[Result "1-0"]
[WhiteElo "2667"]
[BlackElo "2864"]
[TimeControl "180+1"]
[EndTime "11:56:54 PDT"]
[Termination "Khvicha_Supatashvili won by checkmate"]

1. d4 d5 2. c4 e6 3. Nf3 a6 4. cxd5 exd5 5. Nc3 Nf6 6. Bg5 Be6 7. e3 Nbd7 8. Bd3 Bd6 9. Qc2 c6 10.
O-O Qc7 11. Bh4 h6 12. Bg3 Bxg3 13. hxg3 O-O 14. b4 Qd6 15. Rab1 Rfc8 16. a4 Nb6 17.
Ne5 Ng4 18. a5 Nd7 19. Nxd7 Bxd7 20. Na4 Re8 21. Nb6 Rad8 22. Nxd7 Rxd7 23. Bh7+ Kf8 24. Bf5 h5 25. Bxd7 Qxd7 26. Qh7 g6 27. Rfe1 Qf5 28. f3 Nf6 29. Qh8+ Ke7 30. Qh6 g5 31. e4 dxe4 32. fxe4 Nxe4 33. Re2 Qg4 34. Rbe1 f5 35.
Qg7+ Kd6 36. Qxb7 h4 37. Rc1 Nc3 38. Rxe8 hxg3 39. Rd8+ Ke6 40. Qd7+ Kf6 41. Rf8+ Kg6 42. Qf7+ Kh6 43. Rh8# 1-0

[Event "*** SCC Grand Prix: Titled Tuesday Blitz"]
[Site "Chess.com"]
[Date "2020.06.23"]
[Round "10"]
[White "MasterKroket"]
[Black "allvim"]
[Result "0-1"]
[WhiteElo "2366"]
[BlackElo "2225"]
[TimeControl "180+1"]
[EndTime "11:56:54 PDT"]
[Termination "allvim won by checkmate"]

1. d4 Nf6 2. c4 g6 3. Nc3 d5 4.
cxd5 Nxd5 5. e4 Nxc3 6. bxc3 Bg7 7. Be3 O-O 8. Qd2 c5 9. Nf3 Qa5 10. Rc1 Nc6 11. d5 Ne5 12. Nxe5 Bxe5 13. f4 Bg7 14. Be2 Rd8 15. O-O b6 16. e5 Bb7 17.
Bf3 c4 18. Rcd1 Rac8 19. d6 Bxf3 20. Rxf3 exd6 21. f5 Bxe5 22. fxg6 hxg6 23. Rdf1 Rd7 24. Qf2 Rf8 25. Bh6 Bg7 26. Bxg7 Kxg7 27. Kh1 Qc5 28. Qh4 f5 29. g4 Rdf7 30. g5 Rh8 31. Qf4 Qe5 32. Qd2 Re7 33. R3f2 Qe4+ 34. Kg1 Rh4 35. Rf4 Rxf4 36. Rxf4 Qe1+ 37. Qxe1 Rxe1+ 38. Kf2 Re4 39. Rf3 Kf7 40. Rh3 Ke6 41. Rh7 Rf4+ 42. Ke3 Rg4 43. h4 Rg3+ 44. Kd4 b5 45. Rg7 Rd3# 0-1

[Event "*** SCC Grand Prix: Titled Tuesday Blitz"]
[Site "Chess.com"]
[Date "2020.06.23"]
[Round "10"]
[White "Iljushin_Alexey"]
[Black "RitvarsReimanis"]
[Result "1-0"]
[WhiteElo "2715"]
[BlackElo "2569"]
[TimeControl "180+1"]
[EndTime "11:56:55 PDT"]
[Termination "Iljushin_Alexey won on time"]

1. d4 Nf6 2. c4 e6 3. g3 d5 4. Bg2 Be7 5. Nf3 O-O 6. O-O dxc4 7. Qc2 b5 8. a4 b4 9. Qxc4 Ba6 10. Qc2 b3 11.
Qd1 Nbd7 12. Nbd2 Rb8 13. Nxb3 Bxe2 14. Qxe2 Rxb3 15. Qc2 Qb8 16. Nd2 Rb4 17. Nc4 Qc8 18. Bd2 Rb8 19. Na5 Rb6 20. Nc6 Bd6 21. a5 Rxc6 22.
Qxc6 Nb8 23. Qb7 Qxb7 24. Bxb7 Nd5 25. Rfc1 Rd8 26. b4 Nd7 27. b5 N7f6 28. a6 Nd7 29. Ba5 N5b6 30. Bc6 g5 31. Kg2 Kg7 32. Rc2 g4 33.
Rac1 Nf6 34. Bb7 Nfd7 35. Rxc7 Bxc7 36. Rxc7 Kf6 37. Bc6 Nc4 38. Bc3 Ndb6 39. d5+ e5 40. Rxa7 Nxd5 41. Bxd5 Rxd5 42. Rc7 Nd6 43. a7 Nxb5 44.
Rc6+ 1-0

[Event "*** SCC Grand Prix: Titled Tuesday Blitz"]
[Site "Chess.com"]
[Date "2020.06.23"]
[Round "10"]
[White "vovachesss"]
[Black "Bayernbk"]
[Result "0-1"]
[WhiteElo "2573"]
[BlackElo "2486"]
[TimeControl "180+1"]
[EndTime "11:56:56 PDT"]
[Termination "Bayernbk won by resignation"]

1. e4 e6 2. Qe2 b6 3. d4 Bb7 4. Nc3 Nf6 5. e5 Nd5 6. Nxd5 Bxd5 7. c4 Bb7 8. Nf3 d5 9. c5 Be7 10. Be3 O-O 11. Qc2 Ba6 12. Bxa6 Nxa6 13. a3 bxc5 14.
dxc5 c6 15. O-O Nc7 16. Nd4 Qd7 17. f4 f5 18. b4 a5 19. Rab1 axb4 20. axb4 Rfb8 21.
b5 Nxb5 22. Nxb5 Rxb5 23. Rxb5 cxb5 24. c6 Qc7 25. Rc1 b4 26. Qd3 Ra3 27. Qd4 Ra6 28. Bd2 Rxc6 29. Rxc6 Qxc6 30. Bxb4 Qc1+ 31. Kf2 Qc2+ 32.
Kf3 Qe4+ 33. Qxe4 dxe4+ 0-1

[Event "*** SCC Grand Prix: Titled Tuesday Blitz"]
[Site "Chess.com"]
[Date "2020.06.23"]
[Round "10"]
[White "LiverpooL174"]
[Black "Vaathi_Coming"]
[Result "0-1"]
[WhiteElo "2704"]
[BlackElo "2868"]
[TimeControl "180+1"]
[EndTime "11:56:57 PDT"]
[Termination "Vaathi_Coming won by resignation"]

1. e4 c5 2. Nf3 Nc6 3. d4 cxd4 4.
Nxd4 Nf6 5. Nc3 h5 6. Bg5 Qa5 7.
Nxc6 Qxg5 8. Nd4 Qa5 9. Bd3 g6 10. Nb3 Qc7 11. Qf3 Bg7 12. h3 d6 13. O-O-O O-O 14.
Kb1 a6 15. Rdg1 b5 16. e5 Bb7 17. exf6 Bxf3 18. fxg7 Kxg7 19. gxf3 e6 20. Nd4 Qb6 21. Nce2 Kf6 22. f4 Rfc8 23. c3 b4 24. c4 a5 25. Nf3 Qxf2 26. Ng5 Qe3 27. Rg3 Qb6 28. Ne4+ Ke7 29. Re1 a4 30. Rf3 Ra5 31. Nd2 Rac5 32. f5 gxf5 33. Bxf5 Rxf5 34. Rxf5 exf5 35. Nd4+ Kd7 36.
Nxf5 Re8 37. Rd1 Qf2 38. Nxd6 Qe2 39. Kc1 Kxd6 40. Ne4+ Kc6 41. Nd2 b3 42. axb3 axb3 43. Nxb3 Qxc4+ 44. Kb1 Qxb3 45. Rc1+ Kb7 46. Rc3 Re1+ 47.
Rc1 Qd3+ 0-1

[Event "*** SCC Grand Prix: Titled Tuesday Blitz"]
[Site "Chess.com"]
[Date "2020.06.23"]
[Round "10"]
[White "volcanoexplorer"]
[Black "Biranidun"]
[Result "1/2-1/2"]
[WhiteElo "2617"]
[BlackElo "2729"]
[TimeControl "180+1"]
[EndTime "11:56:57 PDT"]
[Termination "Game drawn by repetition"]

1. e4 c5 2. Nf3 d6 3. d4 cxd4 4. Nxd4 Nf6 5. Nc3 a6 6. h3 e5 7.
Nde2 h5 8. g3 Be6 9. Bg2 Nbd7 10. a4 Be7 11. Be3 Nc5 12. O-O Qc8 13. Kh2 h4 14. g4 Bxg4 15. hxg4 Nxg4+ 16. Kh1 Nxe3 17. fxe3 Bg5 18. Qxd6 Ne6 19. Nd5 Qxc2 20. Rxf7 Kxf7 21. Qd7+ Kg6 22. Qxe6+ Bf6 23. Qg4+ Kf7 24. Rf1 h3 25. Qd7+ Kg6 26. Rxf6+ gxf6 27. Qf5+ Kg7 28. Qxf6+ Kh7 29.
Qf7+ Kh6 30. Qf6+ Kh7 31. Bf3 Raf8 32. Qe7+ Kg6 33. Qe6+ Kg7 34. Qg4+ Kf7 35. Qd7+ Kg6 36.
Qe6+ Kg7 37. Qe7+ Rf7 38. Qg5+ Kf8 39. Qd8+ Kg7 40. Qg5+ Kf8 41. Qd8+ Kg7 42. Qg5+ 1/2-1/2

[Event "*** SCC Grand Prix: Titled Tuesday Blitz"]
[Site "Chess.com"]
[Date "2020.06.23"]
[Round "10"]
[White "colegiodemadrid"]
[Black "attack2mateU"]
[Result "0-1"]
[WhiteElo "2413"]
[BlackElo "2682"]
[TimeControl "180+1"]
[EndTime "11:56:57 PDT"]
[Termination "attack2mateU won by checkmate"]

1. e4 c5 2. Nf3 d6 3. d4 cxd4 4. Nxd4 Nf6 5. Nc3 a6 6. Bg5 e6 7. f4 Be7 8. Qf3 Qc7 9. O-O-O Nbd7 10. Bd3 h6 11. Bh4 g5 12. fxg5 hxg5 13. Bxg5 Ne5 14. Qe2 b5 15. Rdf1 b4 16. Nd1 Nfg4 17. Bxe7 Qxe7 18.
h3 Nf6 19. Nf3 Nh5 20. Nxe5 Ng3 21. Qg4 Nxf1 22. Nf3 e5 23. Qg7 Qf8 24. Qxf8+ Kxf8 25. Rxf1 Ke7 26. Ne3 Be6 27. Bc4 a5 28. Nd5+ Kd8 29. Ng5 Ra7 30. Ne3 Ke7 31. Nxf7 Rf8 32. Bxe6 Kxe6 33.
Ng5+ Ke7 34. Nf5+ Kd7 35. Rd1 Rf6 36. Nf3 Kc6 37. g4 Rh7 38. g5 Rxf5 39. exf5 Rxh3 40. Rf1 e4 41. Nd4+ Kd5 42. Nb3 e3 43. Nxa5 Ke4 44. f6 e2 45. Re1 Ke3 46. f7 Rf3 47.
Nc4+ Kf2 48. Nd2 Rxf7 49. Rxe2+ Kxe2 50. Ne4 Rf1# 0-1

[Event "*** SCC Grand Prix: Titled Tuesday Blitz"]
[Site "Chess.com"]
[Date "2020.06.23"]
[Round "10"]
[White "warmoatmeal"]
[Black "nitpicker"]
[Result "1-0"]
[WhiteElo "2321"]
[BlackElo "2160"]
[TimeControl "180+1"]
[EndTime "11:56:58 PDT"]
[Termination "warmoatmeal won on time"]

1. Nf3 f5 2. d3 Nf6 3. e4 d6 4. Nc3 e5 5. exf5 Bxf5 6. d4 e4 7. Nh4 Bc8 8. Be2 d5 9. Be3 Bd6 10. g3 c6 11. O-O Bh3 12. Re1 O-O 13. Bf1 Bg4 14. Be2 Bh3 15. Bf1 Bg4 16. Qd2 Nbd7 17.
Be2 Nb6 18. Bg5 Qd7 19. Ng2 Rae8 20. Rad1 h6 21. Bf4 Bf3 22. Bxd6 Qxd6 23. Bxf3 exf3 24. Nh4 Nc4 25. Qc1 Rxe1+ 26. Rxe1 Ng4 27. b3 Qb4 28. bxc4 Qxc3 29. cxd5 Qxd4 30. Rf1 g5 31. Ng6 Re8 32. h3 Nf6 33. dxc6 bxc6 34. c3 Qd3 35. Qb1 Qxb1 36. Rxb1 Kg7 37. Rb7+ Kxg6 38. Rxa7 Re1+ 39. Kh2 Ne4 40. g4 Nxf2 41. Kg3 Ne4+ 42. Kxf3 Nxc3 43. Rc7 Re6 44. a3 Nd5 45. Rc8 Kf6 46. a4 Ke5 47. a5 Nb4 48. Rh8 Kd5 49. a6 1-0

[Event "*** SCC Grand Prix: Titled Tuesday Blitz"]
[Site "Chess.com"]
[Date "2020.06.23"]
[Round "10"]
[White "Quiet_Desperation"]
[Black "argentum049"]
[Result "0-1"]
[WhiteElo "1981"]
[BlackElo "2426"]
[TimeControl "180+1"]
[EndTime "11:56:59 PDT"]
[Termination "argentum049 won by resignation"]

1. e4 e5 2. Nf3 Nc6 3. Bc4 Nf6 4. d3 Bc5 5. O-O O-O 6. c3 a6 7. Bg5 h6 8. Bh4 d6 9. Qd2 Bg4 10. Ne1 Be6 11. Nf3 g5 12. Nxg5 Bxc4 13. Nf3 Be6 14.
Qxh6 Ng4 15. Qh5 f6 16. h3 Qd7 17. hxg4 Bxg4 18. Qg6+ Qg7 19. Qxg7+ Kxg7 20. Nbd2 Rh8 21. Bg3 Ne7 22. Nh2 Be2 23. Rfe1 Bxd3 24. Rad1 Bb6 25. Ndf3 Bc4 26. b3 Be6 27. Nh4 Rh5 28. Rd3 Rah8 29. N4f3 Ng6 30. Kf1 Nf4 31. Bxf4 exf4 32.
Kg1 Bg4 33. e5 fxe5 34. Kf1 Rxh2 35. Nxh2 Rxh2 36. f3 Bh3 37. Rd2 Rh1+ 38. Ke2 Bxg2 39. Rxh1 Bxh1 40. c4 Kf6 41. b4 Be3 42. Rd1 Bg2 43.
c5 dxc5 44. bxc5 Bxc5 45. Rd7 Bd6 46. Rh7 e4 47. fxe4 f3+ 48. Kf2 Ke5 49. Rh4 Kd4 50. e5+ 0-1

[Event "*** SCC Grand Prix: Titled Tuesday Blitz"]
[Site "Chess.com"]
[Date "2020.06.23"]
[Round "10"]
[White "arvielozano"]
[Black "Bazarov04"]
[Result "0-1"]
[WhiteElo "2057"]
[BlackElo "2502"]
[TimeControl "180+1"]
[EndTime "11:57:01 PDT"]
[Termination "Bazarov04 won by checkmate"]

1. Nf3 Nf6 2. g3 e6 3. Bg2 d5 4. O-O g6 5. d3 Bg7 6. Nbd2 O-O 7. e4 c5 8. Qe2 Nc6 9. h3 a5 10. h4 a4 11. a3 b5 12. Re1 b4 13. axb4 cxb4 14. e5 Nd7 15. d4 Nb6 16. Nf1 Ba6 17. Qd1 Bxf1 18. Bxf1 Qc7 19. Be3 Rfc8 20. b3 a3 21. Bd3 Ne7 22. h5 Nf5 23. g4 Nxe3 24.
fxe3 Nd7 25. Kf2 a2 26. Rh1 Qc3 27. Kg3 Ra7 28. Qe2 Qb2 29. hxg6 hxg6 30. Qh2 Rac7 31. Qh7+ Kf8 32. Bxg6 Rxc2 33. Bxc2 Rxc2 34. Rhg1 Rf2 35. Qd3 Rc2 36. Qb5 Ke8 37. Qxb4 f6 38. exf6 Bf8 39. Qb5 Bd6+ 40. Ne5 Bxe5+ 41. dxe5 Qxe5+ 42. Kf3 Qxf6+ 43. Kg3 Qe5+ 44. Kf3 Qe4+ 45. Kg3 Qxe3+ 46. Kh4 Rh2# 0-1

[Event "*** SCC Grand Prix: Titled Tuesday Blitz"]
[Site "Chess.com"]
[Date "2020.06.23"]
[Round "10"]
[White "Yoshikrov"]
[Black "j_coca"]
[Result "1-0"]
[WhiteElo "2034"]
[BlackElo "2179"]
[TimeControl "180+1"]
[EndTime "11:57:01 PDT"]
[Termination "Yoshikrov won by resignation"]

1. e4 Nf6 2. e5 Nd5 3. d4 d6 4. Nf3 Bg4 5. exd6 Qxd6 6. c3 Nc6 7. Be2 O-O-O 8. O-O h5 9. h3 f6 10. Nbd2 e5 11.
dxe5 fxe5 12. Ne4 Qe7 13. Bg5 Nf6 14. Qc2 Qf7 15. hxg4 hxg4 16. Nh4 Be7 17. g3 Nxe4 18. Qxe4 Bxg5 19. Qxg4+ Kb8 20. Qxg5 e4 21. Rad1 Rde8 22. Qf5 Qe7 23. Rd7 Qe5 24. Qxe5 Nxe5 25. Rxg7 Rd8 26. Rd1 Rxd1+ 27. Bxd1 Rd8 28. Bb3 c5 29. Kg2 Rd2 30. Re7 Ng4 31. Rxe4 Nxf2 32. Re8+ Kc7 33. Kf3 Rxb2 34.
Nf5 b6 35. Ne3 Nd3 36. g4 Ne1+ 37. Kf4 Re2 38. Nd5+ Kd6 39. Rxe2 Nd3+ 40. Kg3 Nc1 41. Rf2 b5 42. c4 a6 43. g5 Nd3 44. Rf6+ Ke5 45.
Rf8 1-0

[Event "*** SCC Grand Prix: Titled Tuesday Blitz"]
[Site "Chess.com"]
[Date "2020.06.23"]
[Round "10"]
[White "NMZanette"]
[Black "chessmaugli"]
[Result "0-1"]
[WhiteElo "2159"]
[BlackElo "2313"]
[TimeControl "180+1"]
[EndTime "11:57:02 PDT"]
[Termination "chessmaugli won by resignation"]

1. e4 c5 2. Nf3 Nc6 3. Bb5 d6 4.
O-O Bd7 5. Re1 Nf6 6. c3 a6 7.
Bf1 e6 8. d4 cxd4 9. cxd4 d5 10. e5 Ne4 11. Nbd2 Nxd2 12. Bxd2 Be7 13. a3 O-O 14. b4 Na7 15. Bd3 Bb5 16. Bb1 Rc8 17. Bf4 Qc7 18. Bg5 h6 19. Bxe7 Qxe7 20. Bd3 Rc7 21.
Bxb5 Nxb5 22. Qd2 Rfc8 23. Ra2 Nc3 24. Rb2 Ne4 25. Qf4 Rc3 26. h4 Rxa3 27. Rxe4 dxe4 28. Qxe4 Rac3 29. d5 exd5 30. Qxd5 Rd8 31. Qe4 Rc1+ 32. Kh2 Qc7 33. b5 a5 34. b6 Qc6 35. Qe3 Rc2 36.
Rxc2 Qxc2 37. e6 Re8 38. exf7+ Kxf7 39. Qf4+ Kg8 40. Qc7 Qxc7+ 41. bxc7 Rc8 0-1

[Event "*** SCC Grand Prix: Titled Tuesday Blitz"]
[Site "Chess.com"]
[Date "2020.06.23"]
[Round "10"]
[White "Sanan_Sjugirov"]
[Black "Supernotar"]
[Result "0-1"]
[WhiteElo "2861"]
[BlackElo "2811"]
[TimeControl "180+1"]
[EndTime "11:57:03 PDT"]
[Termination "Supernotar won by resignation"]

1. e4 c6 2. d4 d5 3. e5 Bf5 4.
Nf3 e6 5. Be2 Nd7 6. O-O h6 7.
Nbd2 Ne7 8. Nb3 Bg6 9. Bd2 Nf5 10. Rc1 Be7 11. g4 Nh4 12. Nxh4 Bxh4 13. f4 Be4 14. Bf3 Bxf3 15. Qxf3 Qe7 16. Na5 O-O-O 17. Qb3 Nb6 18. Bb4 Qc7 19. Qa3 Rd7 20. Bd6 Be7 21.
c4 dxc4 22. Bxc7 Bxa3 23. Bxb6 Bxb2 24. Bxa7 Bxc1 25. Rxc1 b5 26. Bb6 h5 27. g5 g6 28. Kf2 Rd5 29. Ke3 Kd7 30. Bc5 Kc7 31. a4 Ra8 32. Bb4 Kb6 33. Nxc4+ bxc4 34. a5+ Kb5 35. Bc3 c5 36. Rb1+ Ka4 37. dxc5 Rd3+ 0-1

[Event "*** SCC Grand Prix: Titled Tuesday Blitz"]
[Site "Chess.com"]
[Date "2020.06.23"]
[Round "10"]
[White "rpragchess"]
[Black "Karateloru"]
[Result "1-0"]
[WhiteElo "2780"]
[BlackElo "2626"]
[TimeControl "180+1"]
[EndTime "11:57:03 PDT"]
[Termination "rpragchess won by checkmate"]

1. Nf3 Nf6 2. g3 e6 3. Bg2 d5 4. O-O Nbd7 5. d3 b6 6. e4 Bb7 7.
e5 Ng4 8. d4 h5 9. h3 Nh6 10.
a4 c5 11. a5 Ba6 12. Re1 cxd4 13. Nxd4 Bc5 14. c3 g6 15. Nd2 Nf5 16. N2b3 Nxd4 17.
Nxd4 O-O 18. Bh6 Re8 19. Qd2 Bf8 20. b4 Bc4 21. h4 Bg7 22. Bxg7 Kxg7 23. Bh3 Qe7 24.
Ra3 b5 25. Qf4 Rac8 26. Re3 Kh7 27. Ra1 Rg8 28. Nf3 Bb3 29. Ng5+ Kg7 30. Rf3 Rgf8 31. Qe3 a6 32. Bf1 Bc4 33. Bh3 Bb3 34. Rf4 Rc4 35. Qa7 Qe8 36. Re1 Rc6 37. Qb7 Nb8 38. Rf6 Kg8 39. Bxe6 fxe6 40. Qh7# 1-0

[Event "*** SCC Grand Prix: Titled Tuesday Blitz"]
[Site "Chess.com"]
[Date "2020.06.23"]
[Round "10"]
[White "crossingthestreet"]
[Black "NotFischer"]
[Result "1-0"]
[WhiteElo "2360"]
[BlackElo "2193"]
[TimeControl "180+1"]
[EndTime "11:57:03 PDT"]
[Termination "crossingthestreet won on time"]

1. d4 Nf6 2. Bf4 d5 3. e3 c5 4. dxc5 Nc6 5. Bb5 Qa5+ 6. Nc3 a6 7. Bxc6+ bxc6 8. Nf3 Bg4 9. Qd4 Bxf3 10. gxf3 e6 11. b4 Qa3 12. Rb1 a5 13. O-O axb4 14. Rxb4 Be7 15. Rfb1 O-O 16. Bd6 Rfe8 17. Bxe7 Rxe7 18.
f4 Ree8 19. Kg2 g6 20. R1b3 Qa5 21.
Rb7 Nh5 22. a4 Ra7 23. R3b6 Rxb7 24. Rxb7 Ra8 25. Rb6 Rc8 26. Qb4 Qa8 27. a5 Ng7 28. a6 Nf5 29. Qa5 Ne7 30. a7 Kf8 31. Qa6 Rd8 32. Rb7 Rc8 33. Na4 Nf5 34. Nb6 1-0

[Event "*** SCC Grand Prix: Titled Tuesday Blitz"]
[Site "Chess.com"]
[Date "2020.06.23"]
[Round "10"]
[White "mishanick"]
[Black "kuban1991"]
[Result "0-1"]
[WhiteElo "2975"]
[BlackElo "2756"]
[TimeControl "180+1"]
[EndTime "11:57:04 PDT"]
[Termination "kuban1991 won by resignation"]

1. d4 g6 2. c4 Bg7 3. Nc3 c5 4. d5 Bxc3+ 5. bxc3 f5 6. e4 fxe4 7. f3 e3 8. Bxe3 Qa5 9. Qc2 d6 10. Bd3 Nd7 11. f4 Ngf6 12. Nf3 Nb6 13. Ng5 Qa4 14. Qxa4+ Nxa4 15. Kd2 Bf5 16. Rhb1 Rb8 17. Bxf5 gxf5 18. Kd3 Rg8 19. g3 h6 20. Ne6 Ne4 21. Rb3 a6 22. Rab1 b5 23. cxb5 axb5 24. Rxb5 Rxb5 25.
Nc7+ Kd7 26. Nxb5 Ra8 27. c4 Nb6 28. a3 Ra4 29. Rc1 h5 30. Rc2 e6 31. dxe6+ Kxe6 32. Bc1 Kd7 33. Bb2 Kc6 34. Bc1 Nxc4 35. Rxc4 Rxc4 36. Na7+ Kd5 37. Bb2 Ra4 38. Nb5 Kc6 39. Nc3 Nxc3 40. Kxc3 Re4 0-1

[Event "*** SCC Grand Prix: Titled Tuesday Blitz"]
[Site "Chess.com"]
[Date "2020.06.23"]
[Round "10"]
[White "zurzan"]
[Black "DonBroca"]
[Result "0-1"]
[WhiteElo "1935"]
[BlackElo "2138"]
[TimeControl "180+1"]
[EndTime "11:57:05 PDT"]
[Termination "DonBroca won by resignation"]

1. f4 d5 2. Nf3 Nf6 3. g3 b6 4. Bg2 Bb7 5. O-O e6 6. d3 Bc5+ 7. e3 O-O 8. Qe1 Nbd7 9. h3 Ne8 10. Kh2 f5 11. Nc3 Be7 12. e4 dxe4 13. dxe4 Rf6 14. e5 Rh6 15. Be3 c6 16. Rd1 Nc7 17. a3 Nd5 18. Nxd5 cxd5 19. Nd4 Rc8 20. c3 Kh8 21. Qf2 g5 22. fxg5 Bxg5 23. Bxg5 Qxg5 24. Nf3 Qg7 25. Rfe1 Rg8 26. Rd4 Nc5 27. Red1 Ne4 28. Rxe4 dxe4 29. Nd4 Qg4 30. Re1 f4 31. Qxf4 Qxf4 32.
gxf4 Rhg6 33. Re2 Bd5 34. Nc2 e3 35. Nxe3 Bxg2 36. Rxg2 Rxg2+ 37. Nxg2 Rd8 38. b4 Rd3 39. c4 Rxa3 40. c5 bxc5 41. bxc5 Rc3 42. h4 Rxc5 43. Kg3 a5 44. Kg4 a4 45. Kg5 a3 46. Ne3 a2 47. f5 a1=Q 48. Kf6 Qxe5+ 0-1

[Event "*** SCC Grand Prix: Titled Tuesday Blitz"]
[Site "Chess.com"]
[Date "2020.06.23"]
[Round "10"]
[White "KazakhFighter04"]
[Black "FedaMaster"]
[Result "0-1"]
[WhiteElo "2719"]
[BlackElo "2508"]
[TimeControl "180+1"]
[EndTime "11:57:06 PDT"]
[Termination "FedaMaster won by resignation"]

1. e4 d5 2. exd5 Qxd5 3. Nc3 Qd6 4. d4 Nf6 5. Nf3 Bg4 6. h3 Bh5 7. g4 Bg6 8. Ne5 Nbd7 9. Nxg6 hxg6 10. Bg2 c6 11. Be3 e6 12. Qe2 O-O-O 13. O-O-O Qb4 14. a3 Qa5 15. Ne4 Qd5 16. Nxf6 Qxg2 17. Rdg1 Rxh3 18. Rxg2 Rxh1+ 19. Kd2 Nxf6 20. Qf3 e5 21. c3 c5 22. g5 cxd4 23. cxd4 e4 24. Qf4 Bd6 25. gxf6 Bxf4 26.
Bxf4 gxf6 27. Be3 Rh3 28. Rg1 Rxd4+ 29. Bxd4 Rd3+ 30. Ke2 Rxd4 31. Ke3 Ra4 32. Rh1 Kd7 33. Rd1+ Ke7 34. Rc1 Kd7 35. Rd1+ Ke6 36. Rc1 f5 37. Rc7 b6 38. Kf4 Ra5 39. Kg5 Rc5 40. Rxa7 Rc2 41.
b4 Rxf2 42. Rb7 Rg2+ 43. Kf4 Rf2+ 44. Ke3 Rf3+ 45. Kd4 Rd3+ 46. Kc4 Rxa3 47. Rxb6+ Ke5 48. b5 f4 49. Rb8 Ra4+ 50. Kc3 Ra1 51. b6 Rb1 52. b7 Kf5 53. Kc2 Rb6 54. Kc3 f3 55.
Kd2 Kf4 56. Rh8 Rxb7 57. Rh4+ Kf5 58. Ke3 Rb3+ 59. Kf2 Rb2+ 60. Kf1 e3 0-1

[Event "*** SCC Grand Prix: Titled Tuesday Blitz"]
[Site "Chess.com"]
[Date "2020.06.23"]
[Round "10"]
[White "Shuvalov"]
[Black "goldaxe"]
[Result "1-0"]
[WhiteElo "2448"]
[BlackElo "2304"]
[TimeControl "180+1"]
[EndTime "11:57:06 PDT"]
[Termination "Shuvalov won on time"]

1. e4 e5 2. Nf3 Nc6 3. Bc4 Bc5 4. c3 Nf6 5. d4 exd4 6. cxd4 Bb4+ 7. Nc3 Nxe4 8. O-O Bxc3 9. d5 Bf6 10. Re1 Ne7 11.
Rxe4 d6 12. g4 O-O 13. g5 Be5 14. Nxe5 dxe5 15. Rxe5 Ng6 16. Re4 Bf5 17. Rd4 Qd6 18.
h4 Rfe8 19. h5 Ne5 20. Bf4 Qc5 21. Be2 Rad8 22. Rc1 Qb6 23. Be3 Qd6 24. Qb3 b6 25. Qc3 h6 26. Qxc7 hxg5 27. Bxg5 f6 28. h6 Qxc7 29. Rxc7 fxg5 30. Rxg7+ Kh8 31. Rxg5 Bh7 32. Kf1 Nf7 33. Rg7 Nxh6 34. Rxa7 Nf5 35. Rd2 Re7 36. Ra6 b5 37. Bxb5 1-0

[Event "*** SCC Grand Prix: Titled Tuesday Blitz"]
[Site "Chess.com"]
[Date "2020.06.23"]
[Round "10"]
[White "BJthechessgod"]
[Black "SilviusTiberius"]
[Result "1-0"]
[WhiteElo "2242"]
[BlackElo "2388"]
[TimeControl "180+1"]
[EndTime "11:57:06 PDT"]
[Termination "BJthechessgod won by resignation"]

1. e4 a5 2. Bc4 h5 3. d4 e6 4. Nc3 c6 5. e5 d5 6. exd6 Nf6 7. Bg5 Bxd6 8. Nf3 a4 9. Bxf6 gxf6 10. Qe2 a3 11. O-O axb2 12. Rab1 b5 13. Bb3 h4 14. d5 e5 15. dxc6 h3 16. Nxb5 Ba6 17. Rfd1 Bxb5 18. Qxb5 Qc7 19. Qb7 Ra7 20. Qxc7 Bxc7 21.
Rxb2 Nxc6 22. Bd5 Ne7 23. c4 hxg2 24. Kxg2 Nxd5 25. cxd5 e4 26. Nd4 Rxh2+ 27. Kf1 Rh1+ 28. Ke2 Rxd1 29. Kxd1 Be5 30. Nc6 Rd7 31. Rd2 Bd6 32.
a4 f5 33. a5 Bc5 34. a6 Rc7 35. Rc2 Bb6 36. Rb2 Bc5 37. Rb8+ 1-0